 Dungeon Sprint DCSS version 0.21-a0-279-g6037ffb (webtiles) character file.

11 Kidiri the Magician (level 2, -2/15 HPs)
             Began as a Deep Elf Fire Elementalist on Sept 23, 2017.
             Slain by a human (9 damage)
             ... in the Dungeon (Sprint III: "The Ten Rune Challenge").
             The game lasted 00:03:49 (336 turns).

Kidiri the Magician (Deep Elf Fire Elementalist)     Turns: 336, Time: 00:03:50

Health: -2/15      AC:  2    Str:  5    XL:     2   Next: 13%
Magic:  5/10       EV: 13    Int: 19    God:
Gold:   0          SH:  0    Dex: 15    Spells: 8/11 levels left

rFire    . . .     SeeInvis .   (no weapon)
rCold    . . .     Gourm    .   (no shield)
rNeg     . . .     Faith    .   a - +0 robe
rPois    .         Spirit   .   (no helmet)
rElec    .         Reflect  .   (no cloak)
rCorr    .         Harm     .   (no gloves)
MR       .....     NoTele   +   (no boots)
Stlth    ++........             (no amulet)
HPRegen  0.05/turn              (no ring)
MPRegen  0.12/turn              (no ring)

@: no status effects
A: no striking features
a: no special abilities


You were in the Dungeon.
You were not hungry.

You visited 1 branch

Inventory:

Armour
 a - a +0 robe (worn)
Scrolls
 i - a scroll of blinking
Potions
 d - a potion of curing
 e - a potion of heal wounds
 f - a potion of haste
 g - 2 potions of magic
 h - a potion of berserk rage
 j - a potion of invisibility {unknown}
Books
 b - a book of Flames

   Spells                             Type                      Level
   a - Flame Tongue                   Conjuration/Fire             1
   b - Throw Flame                    Conjuration/Fire             2
   c - Conjure Flame                  Conjuration/Fire             3
   d - Inner Flame                    Hexes/Fire                   3
   e - Sticky Flame                   Conjuration/Fire             4
   f - Fireball                       Conjuration/Fire             5
Comestibles
 c - a bread ration
 k - a chunk of flesh


   Skills:
 - Level 2.4 Dodging
 - Level 2.4 Stealth
 * Level 5.0 Spellcasting
 + Level 2.6 Conjurations
 + Level 3.9 Fire Magic


You had 8 spell levels left.
You knew the following spells:

 Your Spells              Type           Power        Failure   Level  Hunger
a - Flame Tongue          Conj/Fire      ###..        3%          1    None
b - Throw Flame           Conj/Fire      ###...       4%          2    #......


Dungeon Overview and Level Annotations

Branches:
Dungeon (1/1)

Altars:


Message History

Aim: a human (moderately wounded)
The flame tongue hits the human.
The human is moderately wounded.
The human hits you!
Casting: Flame Tongue
Confirm with . or Enter, or press ? or * to list all spells.
Aiming: Flame Tongue
Press: ? - help, Shift-Dir - straight line, f/p - human
Aim: a human (moderately wounded)
The flame tongue misses the human.
The human hits you.
Casting: Flame Tongue
Confirm with . or Enter, or press ? or * to list all spells.
Aiming: Flame Tongue
Press: ? - help, Shift-Dir - straight line, f/p - human
Aim: a human (moderately wounded)
The flame tongue hits the human.
The human appears unharmed.
The human is moderately wounded.
The human hits you!
Ouch! That really hurt!
You die...

▓▓▓▓▓▓▓▓▓
▓<..#(..####
▓...#......##
▓..##.......#
▓##.##.##...# .#
##.##.###..# ..#
▓#.####.##@.# ...+
▓.###..##.p##
#p..# ▓#.....##..#
#....#
###..##...##.....#
##..##....#......#
#..###..##.# #..#
#..#### ▓▓▓▓ ▓▓▓▓


You could see a human.

Vanquished Creatures
  2 oozes (D)
  2 rats (D)
4 creatures vanquished.

Vanquished Creatures (others)
  2 draconian scorchers (D)
  6 hellions (D)
  A yaktaur (D)
  A plant (D)
10 creatures vanquished.

Grand Total: 14 creatures vanquished

Notes
Turn   | Place    | Note
-------+----------+-------------------------------------------
     0 | D        | Kidiri the Deep Elf Fire Elementalist began the quest for the Orb.
     0 | D        | Reached XP level 1. HP: 10/10 MP: 6/6
     8 | D        | Reached skill level 4 in Spellcasting
    41 | D        | Killed a yaktaur
    46 | D        | Reached skill level 5 in Spellcasting
    46 | D        | Reached XP level 2. HP: 3/15 MP: 2/10
    92 | D        | Killed a hellion
   115 | D        | Killed a hellion
   116 | D        | Killed a hellion
   117 | D        | Killed a hellion
   137 | D        | Killed a hellion
   144 | D        | Killed a white draconian scorcher
   170 | D        | Killed a white draconian scorcher
   201 | D        | Killed a hellion
   304 | D        | Learned a level 2 spell: Throw Flame
   336 | D        | Slain by a human

Vault maps used:
D:        dungeon_sprint_mu

Skill      XL: |  1 |
---------------+----+-----
Spellcasting   | 5 |  5.0
Conjurations   | 2 |  2.6
Dodging        | |  2.4
Stealth        | |  2.4
Fire Magic     | |  3.9

Action                   || total
-------------------------++-------
 Cast: Flame Tongue      ||    13
Dodge: Dodged            ||     1

Table legend:
 A = Spawn XP
 B = Non-spawn XP
 C = Spawn XP percentage of total XP
 D = Spawn monster count
 E = Non-spawn monster count
 F = Spawn count percentage of total count
 G = Total turns spent on level
                    A         B        C        D         E        F      G
               +---------+---------+-------+---------+---------+-------+---------
         Total |       0 |      16 |   0.0 |       0 |       4 |   0.0 |   336
               +---------+---------+-------+---------+---------+-------+---------
             D |       0 |      16 |   0.0 |       0 |       4 |   0.0 |   336
               +---------+---------+-------+---------+---------+-------+---------
